 Dungeon Crawl Stone Soup version 0.17-a0-701-gb6462b4 (webtiles) character file.

1169 kusayu the Magician (level 8, -12/46 HPs)
             Began as an Octopode Wizard on Apr 19, 2015.
             Killed from afar by Dowan (29 damage)
             ... with a shard of ice
             ... on level 6 of the Dungeon.
             The game lasted 00:32:53 (5750 turns).

kusayu the Magician (Octopode Wizard)               Turns: 5750, Time: 00:32:55

Health: -12/46     AC:  1    Str:  6    XL:     8   Next: 40%
Magic:  9/17       EV: 12    Int: 22    God:
Gold:   231        SH:  0    Dex: 11    Spells: 6 memorised, 6 levels left

rFire  . . .     SeeInvis .     B - +3 dagger (speed)
rCold  . . .     Clarity  .     (no shield)
rNeg   . . .     SustAb   .     l - +0 hat
rPois  .         Gourm    .     r - amulet of regeneration
rElec  .         Spirit   .     h - ring of flight
rCorr  .         Warding  .     (no ring)
rMut   .         Stasis   .     (no ring)
MR     .....                    (no ring)
Stlth  +++.......               (no ring)
                                (no ring)
                                (no ring)
                                (no ring)

@: lethally poisoned (-12 -> -17), very slightly contaminated, not resistant to
hostile enchantments, fairly stealthy
A: almost no armour, amphibious, 8 rings, constrict 8, camouflage 1, gelatinous
body 1
a: Evoke Flight


You were on level 6 of the Dungeon.
You were not hungry.

You visited 1 branch of the dungeon, and saw 6 of its levels.

You collected 231 gold pieces.

Inventory:

Hand weapons
 a - a +0 spear
 B - a +3 dagger of speed (weapon)
Armour
 l - a +0 hat (worn)
 n - a +0 buckler
Magical staves
 b - an uncursed staff of wizardry
Jewellery
 h - a ring of flight (left tentacle)
 r - an amulet of regeneration (around mantle)
Magical devices
 q - a wand of slowing (19)
 u - a wand of heal wounds (1)
 v - a wand of slowing (31)
 x - a wand of polymorph (10)
Scrolls
 e - a scroll of random uselessness {unknown}
 f - 4 scrolls of identify {unknown}
 g - 2 scrolls of enchant armour {unknown}
 i - 5 scrolls of remove curse {unknown}
 j - 3 scrolls of magic mapping {unknown}
 k - 3 scrolls of enchant weapon {unknown}
 p - a scroll of fog {unknown}
 s - 3 scrolls of teleportation {unknown}
 w - 2 scrolls of noise {unknown}
 y - a scroll of recharging {unknown}
 D - a scroll of amnesia {unknown}
Potions
 t - a potion of magic {unknown}
 z - a potion of agility {unknown}
 C - a potion of heal wounds
Books
 c - a book of Minor Magic

   Spells                             Type                      Level
   a - Magic Dart                     Conjuration                  1
   b - Blink                          Translocation                2
   c - Call Imp                       Summoning                    2
   d - Repel Missiles                 Charms/Air                   2
   e - Slow                           Hexes                        2
   f - Conjure Flame                  Conjuration/Fire             3
   g - Mephitic Cloud                 Conjuration/Poison/Air       3
Comestibles
 d - 5 bread rations
 m - 3 meat rations
 o - a beef jerky


   Skills:
 - Level 2.0 Dodging
 - Level 3.4 Stealth
 + Level 6.3 Spellcasting
 - Level 5.9 Conjurations
   Level 1.0 Summonings
 - Level 1.0 Translocations
 + Level 5.0 Poison Magic


You had 6 spell levels left.
You knew the following spells:

 Your Spells              Type           Power        Failure   Level  Hunger
a - Magic Dart            Conj           ####         1%          1    None
b - Blink                 Tloc           N/A          10%         2    None
c - Conjure Flame         Conj/Fire      ###.....     10%         3    #......
d - Mephitic Cloud        Conj/Pois/Air  ###.....     8%          3    #......
r - Repel Missiles        Chrm/Air       #.....       14%         2    None
s - Slow                  Hex            #.......     14%         2    None


Dungeon Overview and Level Annotations

Branches:
Dungeon (6/15)
 Temple: D:4-7

Altars:
Sif Muna
Trog
Xom
Zin

Shops:
D:5 (

Annotations:
D:6 Dowan


Innate Abilities, Weirdness & Mutations

You cannot wear most types of armour.
You are amphibious.
You can wear up to eight rings at the same time.
You can use your tentacles to constrict eight enemies at once.
Your skin changes colour to match your surroundings (Stealth).
Your rubbery body absorbs attacks (AC +1).


Message History

You constrict Dowan, but do no damage.
You feel sick.
Dowan looks very confused.
Dowan struggles to escape constriction.
You hit Dowan.
Dowan is moderately wounded.
You constrict Dowan, but do no damage. You hit Dowan.
Dowan is heavily wounded.
You constrict Dowan.
You feel sick.
Dowan seems less confused.
Dowan hits you with a dagger of venom.
You are more poisoned.
Dowan casts a spell at you. The shard of ice hits you!
You barely miss Dowan.
Dowan is heavily wounded.
You constrict Dowan.
You feel sick. Dowan casts a spell at you. The shard of ice hits you!
Ouch! That really hurt!
You die...

#...##.....##..#....##'####
. #..............#....#....
#..............#....#....#
#......>.......'....+....#
#...##.....##..#....#.....
#...####'####.<#....#....##
#...#......##..#....#....#
#...#..........'....# .
#...'........@.#....+
#...#......##e.#....#
#...#......##).#....#
#...##.....##..#....#
##..##.....##..#. ..#
####...##.........'.....
>.............##+##....#
..............#........#
....##+#####'##.)......#


You could see Dowan.

Vanquished Creatures
  Grinder (D:5)
  Sigmund (D:3)
  Duvessa (D:6)
  2 ogres (D:4)
  A black bear (D:6)
  A crimson imp (D:5)
  2 centaur zombies
  A hound (D:6)
  An orc wizard (D:6)
  A giant frog skeleton (D:6)
  Natasha (twice) (D:3)
  2 worker ants
  An iguana (D:5)
  Robin (D:3)
  5 adders
  An ooze (D:5)
  A worm (D:2)
  10 orcs
  9 bats
  A bat zombie (D:5)
  2 giant cockroaches (D:5)
  9 hobgoblins
  4 jackals (D:2)
  3 quokkas (D:4)
  2 ball pythons
  5 giant geckos
  2 giant newts
  18 goblins
  7 kobolds
  A quokka skeleton (D:4)
  13 rats
111 creatures vanquished.

Notes
Turn   | Place    | Note
--------------------------------------------------------------
     0 | D:1      | kusayu, the Octopode Wizard, began the quest for the Orb.
     0 | D:1      | Reached XP level 1. HP: 11/11 MP: 4/4
   667 | D:1      | Reached XP level 2. HP: 13/17 MP: 0/6
   671 | D:1      | Learned a level 2 spell: Blink
   674 | D:1      | Learned a level 2 spell: Repel Missiles
  1473 | D:2      | Reached XP level 3. HP: 17/21 MP: 4/8
  1550 | D:2      | Learned a level 3 spell: Conjure Flame
  1660 | D:2      | Found a bloodstained altar of Trog.
  1818 | D:3      | Noticed Natasha
  1823 | D:3      | Killed Natasha
  1823 | D:3      | Reached skill level 4 in Spellcasting
  1823 | D:3      | Reached XP level 4. HP: 19/27 MP: 10/10
  2140 | D:3      | Found a shimmering altar of Xom.
  2160 | D:3      | Noticed Robin
  2222 | D:2      | Learned a level 3 spell: Mephitic Cloud
  2653 | D:3      | Killed Robin
  2876 | D:3      | Noticed Sigmund
  2892 | D:3      | Killed Sigmund
  2892 | D:3      | Reached XP level 5. HP: 29/31 MP: 7/11
  2892 | D:3      | Reached XP level 6. HP: 33/36 MP: 7/12
  2942 | D:3      | Found a deep blue altar of Sif Muna.
  3059 | D:3      | Noticed Natasha
  3072 | D:3      | Killed Natasha
  3154 | D:3      | Reached skill level 5 in Conjurations
  3768 | D:4      | Reached XP level 7. HP: 18/41 MP: 3/13
  4096 | D:4      | Found a glowing silver altar of Zin.
  4389 | D:4      | Learned a level 2 spell: Slow
  4390 | D:5      | Entered Level 5 of the Dungeon
  4418 | D:5      | Reached skill level 1 in Poison Magic
  4667 | D:5      | Reached skill level 5 in Spellcasting
  4935 | D:5      | Noticed Grinder
  4935 | D:5      | Paralysed by Grinder for 5 turns
  4951 | D:5      | Killed Grinder
  4964 | D:5      | Found Geegri's Weapon Boutique.
  5194 | D:5      | Reached XP level 8. HP: 46/46 MP: 10/16
  5443 | D:6      | Reached skill level 6 in Spellcasting
  5632 | D:6      | Noticed Duvessa
  5635 | D:6      | Noticed Dowan
  5737 | D:6      | Killed Duvessa
  5737 | D:6      | Reached skill level 5 in Poison Magic
  5750 | D:6      | Killed from afar by Dowan

Action                   |  1- 3 |  4- 6 |  7- 9 || total
-------------------------+-------+-------+-------++-------
Melee: Spear             |    57 |   144 |    59 ||   260
       Dagger            |       |       |    11 ||    11
       Staff             |       |       |     2 ||     2
 Cast: Magic Dart        |    22 |    36 |    59 ||   117
       Repel Missiles    |     1 |       |       ||     1
       Conjure Flame     |     1 |     9 |     7 ||    17
       Mephitic Cloud    |       |     6 |     3 ||     9
       Blink             |       |     6 |     2 ||     8
  Use: Potion            |       |     5 |       ||     5
 Stab: Sleeping          |     3 |     2 |     2 ||     7
       Distracted        |     1 |       |       ||     1
       Confused          |       |     6 |     1 ||     7
  Eat: Chunk             |     3 |     7 |     7 ||    17
